AoeStats
← God's whip Attila

Arena

509304116Analyzed
4v4 RM · 5d ago on Sep 26, 2026· 64m 56s· 8 players
Game mode
Random Map
Map size
Large (8 player)
Population
200
Speed
Normal
Resources
Standard
Victory
Conquest
Starting age
Dark Age
Ending age
Imperial Age
RankedLock teamsTeams togetherTeam positionsShared explorationLock speedFull tech treeHidden civsTurbo modeCheats
Victory
Defeat
🇹🇷 Burgundians · Türkiye
900
+15
🇯🇵 Magyars · Japan
897
+15
🇮🇹 Franks · Italy
877
+16
🇳🇿 Sicilians · New Zealand
869
+16
🇨🇳 Cumans · China
938
-19
🇨🇳 Khmer · China
915
-17
🇦🇷 Franks · Argentina
880
-16
🇨🇳 Britons · China
737
-10
413401132
4:57 Loom
10:13 Feudal Age
11:00 Double-Bit Axe
11:25 Horse Collar
14:33 Gold Mining
16:39 Stone Mining
16:20 Man-at-Arms
21:30 Scale Mail Armor
25:04 Castle Age
25:01 Stone Mining
25:09 Long Swordsman
26:32 Chain Mail Armor
26:25 Scale Barding Armor
26:58 Bloodlines
27:46 Gold Shaft Mining
28:06 Wheelbarrow
27:20 Town Watch
30:50 Chain Barding Armor
32:34 Light Cavalry
33:27 Forging
36:10 Hand Cart
45:55 Iron Casting
51:24 Imperial Age
52:05 Caravan
54:28 Hussar
56:55 Blast Furnace
56:31 Plate Barding Armor
60:52 Town Patrol
60:29 Cavalier
62:15 Paladin
zh56956
11:41 Feudal Age
15:38 Castle Age
15:17 Double-Bit Axe
15:13 Horse Collar
22:35 Wheelbarrow
21:59 Stone Mining
22:14 Gold Mining
25:09 Bow Saw
27:34 Gold Shaft Mining
27:35 Stone Shaft Mining
28:35 Hand Cart
28:40 Scale Barding Armor
28:35 Scale Mail Armor
28:46 Forging
28:58 Tusk Swords
33:22 Imperial Age
30:48 Pikeman
32:44 Ballistics
32:34 Masonry
32:59 Chain Mail Armor
33:19 Iron Casting
33:34 Arson
33:59 Heavy Plow
34:29 Conscription
33:35 Elite Ballista Elephant
35:25 Double Crossbow
36:15 Halberdier
41:21 Caravan
44:00 Chemistry
43:30 Architecture
44:38 Chain Barding Armor
45:19 Blast Furnace
44:09 Fletching
44:20 Padded Archer Armor
49:52 Plate Barding Armor
49:32 Leather Archer Armor
49:13 Bodkin Arrow
49:28 Siege Engineers
53:35 Capped Ram
56:26 Siege Ram
-300
10:10 Feudal Age
11:09 Double-Bit Axe
18:25 Gold Mining
22:59 Fletching
23:20 Forging
23:12 Scale Mail Armor
23:13 Padded Archer Armor
28:55 Castle Age
30:54 Stone Mining
31:02 Man-at-Arms
42:19 Bodkin Arrow
43:00 Iron Casting
42:41 Chain Mail Armor
42:41 Leather Archer Armor
46:42 Ballistics
55:51 Imperial Age
54:00 Gold Shaft Mining
WISNAX
5:50 Loom
9:18 Feudal Age
15:20 Double-Bit Axe
18:53 Castle Age
22:28 Bow Saw
24:37 Wheelbarrow
25:29 Gold Mining
27:05 Hand Cart
29:10 Husbandry
29:37 Forging
29:33 Scale Barding Armor
30:40 Gold Shaft Mining
30:01 Stone Mining
30:12 Town Watch
34:52 Imperial Age
33:52 Town Patrol
34:37 Iron Casting
34:23 Chain Barding Armor
35:36 Chivalry
35:21 Cavalier
37:19 Conscription
38:03 Blast Furnace
37:38 Plate Barding Armor
37:30 Paladin
43:25 Onager
44:25 Light Cavalry
God's whip Attila
8:35 Loom
10:44 Feudal Age
11:15 Double-Bit Axe
19:07 Castle Age
20:09 Horse Collar
21:23 Heavy Plow
21:49 Bow Saw
22:49 Stone Mining
23:15 Bloodlines
27:26 Wheelbarrow
27:45 Gold Mining
32:32 Imperial Age
30:14 Scale Barding Armor
30:02 Fletching
30:22 Husbandry
31:12 Ballistics
30:48 Murder Holes
33:32 Scale Mail Armor
33:01 Light Cavalry
35:32 Chemistry
34:45 Pikeman
35:26 Bodkin Arrow
35:38 Padded Archer Armor
38:03 Corvinian Army
38:49 Parthian Tactics
39:30 Chain Barding Armor
39:26 Chain Mail Armor
40:43 Hoardings
40:16 Corvinian Army
41:35 Hand Cart
42:21 Plate Barding Armor
42:02 Leather Archer Armor
41:51 Heavy Cavalry Archer
42:51 Halberdier
44:29 Elite Skirmisher
49:11 Hoardings
48:26 Town Watch
60:46 Town Patrol
65:42 Crop Rotation
Velox_M_B
0:29 Loom
10:45 Feudal Age
11:26 Double-Bit Axe
13:29 Gold Mining
19:12 Castle Age
19:03 Fletching
20:07 Bow Saw
20:02 Husbandry
19:56 Stone Mining
21:20 Wheelbarrow
22:57 Gold Shaft Mining
22:28 Treadmill Crane
23:39 Squires
26:34 Murder Holes
31:42 Imperial Age
29:09 Town Watch
31:13 Hand Cart
30:35 Pikeman
32:11 Ballistics
33:36 Caravan
34:03 Conscription
33:15 Cavalier
35:05 Chivalry
36:35 Paladin
39:35 Halberdier
45:18 Chemistry
44:24 Cranequins
44:30 Ordonnance Companies
46:42 Hoardings
49:05 Light Cavalry
49:19 Heavy Mounted Crossbowman
51:14 Bodkin Arrow
53:10 Forging
53:02 Padded Archer Armor
55:38 Siege Engineers
56:13 Iron Casting
55:39 Scale Mail Armor
56:08 Gambesons
56:10 Arson
57:13 Fortified Wall
59:58 Elite Throwing Axeman
64:21 Elite Skirmisher
jacinfa arderb
11:24 Feudal Age
11:57 Double-Bit Axe
12:03 Horse Collar
15:53 Castle Age
17:03 Bow Saw
19:32 Heavy Plow
19:58 Scale Mail Armor
27:37 Chain Mail Armor
27:41 Arson
27:58 Squires
33:02 Forging
35:28 Pikeman
40:15 Imperial Age
37:32 Loom
41:14 Iron Casting
43:54 Wheelbarrow
43:52 Plate Mail Armor
44:25 Blast Furnace
43:31 Elite Serjeant
44:07 Capped Ram
45:40 Conscription
53:56 Siege Ram
54:45 Fletching
57:03 Halberdier
57:06 Light Cavalry
57:56 Bloodlines
57:47 Husbandry
sonsehzadee
10:06 Feudal Age
9:54 Double-Bit Axe
14:59 Bow Saw
15:39 Wheelbarrow
18:26 Castle Age
16:12 Horse Collar
16:58 Heavy Plow
17:05 Gold Mining
18:56 Gold Shaft Mining
22:55 Hand Cart
26:53 Crop Rotation
27:49 Loom
29:14 Two-Man Saw
31:22 Imperial Age
30:36 Husbandry
31:23 Stone Mining
32:14 Burgundian Vineyards
32:32 Conscription
31:35 Elite Coustillier
32:54 Stone Shaft Mining
34:03 Scale Barding Armor
34:08 Forging
35:04 Chain Barding Armor
37:44 Plate Barding Armor
37:45 Iron Casting
51:53 Light Cavalry
53:02 Hussar
Connection lost

Rejoining the realm…

Still unreachable

The connection could not be restored.

Session expired

The server has moved on; the page needs a fresh start.